 Dungeon Crawl Stone Soup version 0.26.0-7-g794d0892b4 (webtiles) character file.

Game seed: 9519627757169517196

73 jackrogers the Chopper (level 4, -2/38 HPs)
             Began as a Draconian Fighter on Jan 11, 2021.
             Slain by a gnoll
             ... wielding a +0 flail
              (7 damage)
             ... on level 2 of the Dungeon.
             The game lasted 00:01:36 (1662 turns).

jackrogers the Chopper (Draconian Fighter)          Turns: 1662, Time: 00:01:37

Health: -2/38      AC:  5    Str: 19    XL:     4   Next: 8%
Magic:  4/4        EV: 10    Int:  8    God:
Gold:   103        SH:  9    Dex: 11    Spells: 3/3 levels left

rFire    . . .     SeeInvis .   a - +0 war axe
rCold    . . .     Faith    .   b - +0 kite shield
rNeg     . . .     Spirit   .   (armour unavailable)
rPois    .         Reflect  .   (helmet restricted)
rElec    .         Harm     .   (no cloak)
rCorr    .         Rampage  .   (no gloves)
Will     .....                  (no boots)
Stlth    +.........             (no amulet)
HPRegen  0.12/turn              (no ring)
MPRegen  0.09/turn              (no ring)

@: no status effects
A: unfitting armour, cold-blooded, AC +5
a: no special abilities


You were on level 2 of the Dungeon.
You visited 1 branch of the dungeon, and saw 2 of its levels.

You collected 103 gold pieces.

Inventory:

Hand Weapons
 a - a +0 war axe (weapon)
Missiles
 e - 8 stones (quivered)
Armour
 b - a +0 kite shield (worn)
Scrolls
 d - a scroll of enchant armour
 f - 2 scrolls of immolation {unknown}
 g - 2 scrolls of identify
Potions
 c - a potion of might


   Skills:
 - Level 3.2 Fighting
 * Level 4.4 Axes
 - Level 2.6 Dodging
 - Level 3.0 Shields


You had 3 spell levels left.
You didn't know any spells.
Your spell library was empty.

Dungeon Overview and Level Annotations

Branches:
Dungeon (2/15)

Altars:
Wu Jian


Innate Abilities, Weirdness & Mutations

Your plain brown scales are hard. (AC +5)
You cannot fit into any form of body armour.
You are cold-blooded and may be slowed by cold attacks.


Message History

You throw a stone.
The stone hits the hobgoblin but does no damage.
You barely miss the hobgoblin.
Your tail-slap misses the hobgoblin.
The hobgoblin barely misses you. You block the hobgoblin's attack.
You closely miss the hobgoblin.
The hobgoblin hits you but does no damage.
You hit the hobgoblin but do no damage. The hobgoblin hits you.
You barely miss the hobgoblin. The hobgoblin closely misses you.
You block the hobgoblin's attack.
You closely miss the hobgoblin. The hobgoblin misses you.
Your shield prevents you from hitting the hobgoblin.
The hobgoblin barely misses you.
You slash the hobgoblin!
You kill the hobgoblin!
You see here a hobgoblin corpse.
Found a stone staircase leading up.
e - 7 stones (gained 1)
A hobgoblin comes into view. It is wielding a +0 club.
A hobgoblin is nearby!
A hobgoblin is nearby!
A hobgoblin is nearby!
The hobgoblin shouts!
You barely miss the hobgoblin.
The hobgoblin hits you but does no damage.
You slash the hobgoblin!
You kill the hobgoblin!
You see here a +0 club.
You see here a +0 club.
Found an ornate altar of the Wu Jian Council.
You now have 92 gold pieces (gained 11).
A kobold comes into view.
A kobold is nearby!
The kobold shouts!
The kobold throws a stone.
You block the stone.
You see here a stone.
The kobold hits you but does no damage.
You closely miss the kobold. You block the kobold's attack.
You miss the kobold. You block the kobold's attack.
The kobold barely misses you.
You closely miss the kobold. You tail-slap the kobold.
The kobold barely misses you.
You barely miss the kobold.
Your tail-slap misses the kobold.
The kobold hits you.
You hit the kobold.
Your tail-slap misses the kobold.
You block the kobold's attack. The kobold closely misses you.
You barely miss the kobold. The kobold barely misses you.
You barely miss the kobold. The kobold closely misses you. The kobold hits you.
You barely miss the kobold.
Your tail-slap misses the kobold.
The kobold barely misses you.
You closely miss the kobold. The kobold hits you but does no damage.
You hit the kobold.
You kill the kobold!
g - 2 scrolls of identify (gained 1)
You now have 103 gold pieces (gained 11).
You see here a kobold corpse.
e - 8 stones (gained 1)
A gnoll comes into view. It is wielding a +0 spear.
Spoiler Alert: The gnoll (asleep) can hit for moderate damage in melee, and throws nets!
A gnoll is nearby!
Spoiler Alert: The gnoll (asleep) can hit for moderate damage in melee, and throws nets!
A gnoll is nearby!
Spoiler Alert: The gnoll (asleep) can hit for moderate damage in melee, and throws nets!
A gnoll is nearby!
Spoiler Alert: The gnoll (asleep) can hit for moderate damage in melee, and throws nets! 2 gnolls come into view.
You block the gnoll's attack.
Warning x3: The gnoll (asleep) can hit for moderate damage in melee, and throws nets!
The gnoll can hit for moderate damage in melee, and throws nets! x2
You slash the gnoll! You tail-slap the gnoll.
The gnoll hits you with a +0 spear.
Warning x3: The gnoll can hit for moderate damage in melee, and throws nets! x3
You closely miss the gnoll. You hit the gnoll.
You tail-slap the gnoll, but do no damage.
You hit the gnoll.
You kill the gnoll!
Warning x2: The gnoll can hit for moderate damage in melee, and throws nets! x2
You completely miss the gnoll. You block the gnoll's attack.
You closely miss the gnoll. You tail-slap the gnoll.
The gnoll hits you with a +0 club!
You slash the gnoll!
You tail-slap the gnoll, but do no damage.
The gnoll misses you. The gnoll hits you with a +0 flail.
Warning x2: The gnoll can hit for moderate damage in melee, and throws nets! x2
You barely miss the gnoll. You hit the gnoll. You block the gnoll's attack.
The gnoll hits you with a +0 flail.
You barely miss the gnoll. You hit the gnoll.
You kill the gnoll!
The gnoll misses you.
You have reached level 4!
You feel agile.
Spoiler Alert: The gnoll can hit for moderate damage in melee, and throws nets!
You closely miss the gnoll. The gnoll hits you with a +0 flail!
* * * LOW HITPOINT WARNING * * *
You barely miss the gnoll. The gnoll hits you with a +0 flail.
* * * LOW HITPOINT WARNING * * *
You hit the gnoll. You tail-slap the gnoll. The gnoll hits you with a +0 flail.
* * * LOW HITPOINT WARNING * * *
Spoiler Alert: The gnoll can hit for moderate damage in melee, and throws nets!
You completely miss the gnoll. The gnoll hits you with a +0 flail!
You die...

#..........#
#.##.#
#..###.###.#
#.##.# #..# #.#
.# #.#... #..#
#.## .# #...#.
#..# #..# .#
###... #..#
##.# .# ###.
#..# #.# .# #.
#...###.##g# #.
#........@)# #.
###.###.......#
#. #######.# #.
# . ##. #.#


You could see a gnoll.

Vanquished Creatures
  2 gnolls (D:2)
  An adder (D:2)
  A worm (D:2)
  A dart slug (D:2)
  2 bats
  4 giant cockroaches (D:1)
  5 goblins
  4 hobgoblins
  4 jackals (D:1)
  A quokka (D:2)
  2 frilled lizards
  8 kobolds
  4 rats (D:1)
39 creatures vanquished.

Notes
Turn   | Place    | Note
-------+----------+-------------------------------------------
     0 | D:1      | jackrogers the Draconian Fighter began the quest for the
                  | Orb.
     0 | D:1      | Reached XP level 1. HP: 19/19 MP: 1/1
   138 | D:1      | Reached XP level 2. HP: 25/26 MP: 2/2
   358 | D:1      | Reached skill level 3 in Axes
  1053 | D:2      | Reached XP level 3. HP: 23/31 MP: 3/3
  1340 | D:2      | Reached skill level 4 in Axes
  1489 | D:2      | Found an ornate altar of the Wu Jian Council.
  1659 | D:2      | Reached XP level 4. HP: 18/38 MP: 4/4
  1659 | D:2      | HP: 8/38 [gnoll/+0 flail (10)]
  1662 | D:2      | Slain by a gnoll

Illustrated notes

Levels and vault maps discovered:
D:1:      giann_forest_graveyard, layout_basic
D:2:      layout_loops_ring, nicolae_overflow_hidden_temple,
          gammafunk_temple_overflow_statue, uniq_crazy_yiuf_cottage

Skill      XL: |  1  2  3 |
---------------+----------+-----
Axes           | 3 4 |  4.4
Fighting       | |  3.2
Dodging        | |  2.6
Shields        | |  3.0

Action                   |  1- 3 |  4- 6 || total
-------------------------+-------+-------++-------
Melee: War axe           |   118 |     4 ||   122
       Tailslap          |    11 |     1 ||    12
Throw: Stone             |    10 |       ||    10
  Use: Scroll            |     3 |       ||     3
Armor: Skin              |    26 |       ||    26
Dodge: Dodged            |    68 |       ||    68
Block: Kite shield       |    56 |       ||    56

Table legend: (Time is in decaauts)
 A = Elapsed time spent in this place.
 B = Non-inter-level travel time spent in this place.
 C = Inter-level travel time spent in this place.
 D = Time resting spent in this place.
 E = Time spent auto-exploring this place.
 F = Levels seen in this place.
 G = Mean time per level.
                   A        B        C        D        E       F      G
               +--------+--------+--------+--------+--------+-----+--------+
         Total |   1712 |   1708 |      4 |    191 |   1227 |   2 |  856.0 |
       Dungeon |   1712 |   1708 |      4 |    191 |   1227 |   2 |  856.0 |
               +--------+--------+--------+--------+--------+-----+--------+

Top non-repeatable levels by time:
     D:1: 1065 daAuts
     D:2: 646 daAuts

Table legend:
 A = Kills in this place as a percentage of kills in entire the game.
 B = Kills by you in this place as a percentage of kills by you in the entire game.
 C = Kills by friends in this place as a percentage of kills by friends in the entire game.
 D = Other kills in this place as a percentage of other kills in the entire game.
 E = Experience gained in this place as a percentage of experience gained in the entire game.
 F = Experience gained in this place divided by the number of levels of this place that you have seen.
                   A       B       C       D       E      F
               +-------+-------+-------+-------+-------+----------------------
         Total | 100.0 | 100.0 |   N/A |   N/A | 100.0 |  52.5
       Dungeon | 100.0 | 100.0 |   N/A |   N/A | 100.0 |  52.5
               +-------+-------+-------+-------+-------+----------------------
